Monarchs vs Admirals

Created - Sunday, March 08, 2015 at 01:44

Goals
1 2 3 OT1 SO T
Monarchs 0 1 0 0 1 2
Admirals 0 1 0 0 0 1
Shots
1 2 3 OT1 SO T
Monarchs 11 7 15 2 3 35
Admirals 12 5 6 2 3 25

1st period

No Goal

Penalties :
Farm Player2 (NOR) for Tripping (Minor) at 12:30, Jason Jaffray (MAN) for Tripping (Minor) at 12:58

2nd period

1. Monarchs , Brett Olson 9 (Joe Morrow, Derek Forbort) at 4:27
2. Admirals , Sven Andrighetto 6 (Jerry D'Amigo) at 11:59

Penalties :
Jordan Caron (NOR) for Hooking (Minor) at 8:25

3rd period

No Goal

Penalties :
Nathan McIver (NOR) for Hooking (Minor) at 11:20

Overtime #1

No Goal

Penalties :
No Penalty

Shootout

Penalty Shot by Jason Jaffray for Monarchs - Stopped by Brad Thiessen
Penalty Shot by Sven Andrighetto for Admirals - Stopped by Reto Berra
Penalty Shot by Jared Knight for Monarchs - Goal!
Penalty Shot by Jonathan Marchessault for Admirals - Stopped by Reto Berra
Penalty Shot by Raffi Torres for Monarchs - Stopped by Brad Thiessen
Penalty Shot by Keith Aucoin for Admirals - Stopped by Reto Berra

Penalties :
No Penalty

Goalie Stats

Reto Berra (MAN), 24 saves from 25 shots - (0.960), W, 6-4-5, 65:00 minutes
Brad Thiessen (NOR), 34 saves from 35 shots - (0.971), OTL, 25-12-10, 65:00 minutes

Players Stats for Monarchs

Player Name              G  A  P  +/- PIM S  H  SB GA TA FO     MP     PP MP  PK MP  
------------------------------------------------------------------------------------
Bobby Robins             0  0  0   0  0   1  2  0  0  0  0/0    18:49   0:00   0:25 
Brett Olson              1  0  1   0  0   4  2  1  0  2  6/11   22:33   1:45   0:03 
Byron Froese             0  0  0   0  0   0  0  0  0  0  0/0     0:38   0:00   0:00 
C.J. Stretch             0  0  0   1  0   3  0  0  2  1  5/10   19:47   1:26   0:03 
David Rundblad           0  0  0  -1  0   6  1  1  3  0  0/0    24:41   1:44   0:19 
Derek Forbort            0  1  1   1  0   2  1  3  0  1  0/0    24:18   2:42   0:09 
Jared Knight             0  0  0   0  0   3  3  0  3  1  1/2    19:18   2:41   0:25 
Jason Jaffray            0  0  0   0  2   2  1  1  0  1  4/5    24:13   2:18   0:00 
Joe Morrow               0  1  1   1  0   4  0  2  2  3  0/0    24:18   2:42   0:09 
Jordan Hill              0  0  0  -1  0   1  1  1  0  1  0/0    17:06   0:00   0:00 
Keith Ballard            0  0  0   0  0   3  1  3  3  3  0/0    27:39   1:44   0:19 
Luke Gazdic              0  0  0   0  0   0  0  0  0  0  0/0     6:31   0:00   0:00 
Matej Stransky           0  0  0   0  0   1  4  1  0  0  0/0    18:32   1:45   0:00 
Mathieu Tousignant       0  0  0  -1  0   0  0  1  0  0  3/3    16:46   0:50   0:00 
Mikhail Grigorenko       0  0  0   0  0   2  1  0  7  1  4/7    21:12   1:44   0:00 
Raffi Torres             0  0  0   0  0   3  1  1  4  0  0/0    19:27   0:48   0:00 
Taylor Doherty           0  0  0   0  0   0  0  0  0  0  0/0    12:12   0:00   0:00 
Zach McKelvie            0  0  0   0  0   0  0  0  0  0  0/0     0:00   0:00   0:00 

Players Stats for Admirals

Player Name              G  A  P  +/- PIM S  H  SB GA TA FO     MP     PP MP  PK MP  
------------------------------------------------------------------------------------
Brayden Irwin            0  0  0   0  0   0  0  0  0  0  0/0     0:00   0:00   0:00 
Cade Fairchild           0  0  0   0  0   4  2  6  1  0  0/0    27:23   0:21   1:39 
Carter Ashton            0  0  0   0  0   4  0  0  1  1  0/1    12:30   0:00   0:00 
Carter Camper            0  0  0   0  0   0  0  2  3  0  3/7    19:22   0:22   0:54 
Farm Player11            0  0  0   0  0   0  0  0  0  2  1/3    21:07   0:00   3:11 
Farm Player2             0  0  0   0  2   0  1  0  0  0  0/0    21:15   0:03   2:05 
Jean-Gabriel Pageau      0  0  0   0  0   2  2  3  5  2  6/15   23:36   0:06   2:23 
Jerry D'Amigo            0  1  1   0  0   3  0  0  3  1  0/0    18:59   0:22   0:02 
Jonathan Marchessault    0  0  0   0  0   3  1  2  4  2  0/1    24:24   0:06   2:22 
Jordan Caron             0  0  0   0  2   2  1  0  4  0  3/5    18:20   0:00   0:00 
Keith Aucoin             0  0  0   0  0   1  1  1  1  2  1/5    21:05   0:03   0:00 
Maxime Langelier-Parent  0  0  0   0  0   1  0  0  0  0  1/1     0:23   0:00   0:00 
Nathan McIver            0  0  0   0  2   0  2  0  0  1  0/0    22:43   0:07   0:55 
Riley Wetmore            0  0  0   0  0   0  0  0  0  0  0/0     0:00   0:00   0:00 
Ryan Bourque             0  0  0   0  0   3  0  0  1  0  0/0    19:11   0:00   1:26 
Scott Ford               0  0  0   0  0   0  3  0  0  1  0/0    25:49   0:28   2:47 
Sven Andrighetto         1  0  1   0  0   2  2  1  0  0  0/0    19:12   0:22   0:00 
William Wrenn            0  0  0   0  0   0  0  1  0  0  0/0    18:41   0:00   0:00 

3 Stars

1 - Brad Thiessen (NOR)
2 - Reto Berra (MAN)
3 - Brett Olson (MAN)

Power Play

Monarchs - 0 on 3 Attempt(s) - 0.00%
Admirals - 0 on 1 Attempt(s) - 0.00%

Penalty Kill

Monarchs - 1 on 1 Attempt(s) - 100.00% - Score 0 goal in Penalty Kill
Admirals - 3 on 3 Attempt(s) - 100.00% - Score 0 goal in Penalty Kill

Team Stat

Monarchs - Hits : 18 - Faceoff Wins : 23 - Blocked Shots : 15 - Penalty Minutes : 2
Admirals - Hits : 15 - Faceoff Wins : 15 - Blocked Shots : 16 - Penalty Minutes : 6

Official

Referees : Unknown
Linesman : Unknown

Game Notes

No Game Note

Finance

Level 1 -- Attendance: 1569 (78.45%) -- Ticket Income $54,915
Level 2 -- Attendance: 701 (70.10%) -- Ticket Income $10,515
Total Attendance: 2270 (75.67%)
Total Ticket Income: $65,430
Other Income: $32,061
Total Income: $97,491

Monarchs

5 vs 5 Forward 
   Center                   Left Wing                Right Wing               Time % Phy DF OF 
 1 Mikhail Grigorenko       Jason Jaffray            Jared Knight             35     1   2  2  
 2 Brett Olson              Raffi Torres             Matej Stransky           30     1   2  2  
 3 C.J. Stretch             Raffi Torres             Bobby Robins             22     1   2  2  
 4 Mathieu Tousignant       Jason Jaffray            Mikhail Grigorenko       13     1   2  2  

5 vs 5 Defense 
   Defense                  Defense                                           Time % Phy DF OF 
 1 Keith Ballard            David Rundblad                                    35     1   2  2  
 2 Joe Morrow               Derek Forbort                                     30     1   2  2  
 3 David Rundblad           Jordan Hill                                       22     1   2  2  
 4 Taylor Doherty           Keith Ballard                                     13     1   2  2  

PowerPlay Forward 
   Center                   Left Wing                Right Wing               Time % Phy DF OF 
 1 Mikhail Grigorenko       Jason Jaffray            Jared Knight             60     1   2  2  
 2 Brett Olson              Raffi Torres             Matej Stransky           40     1   2  2  

PowerPlay Defense
   Defense                  Defense                                           Time % Phy DF OF 
 1 Keith Ballard            David Rundblad                                    60     1   2  2  
 2 Joe Morrow               Derek Forbort                                     40     1   2  2  

Penalty Kill 4 Players Forward 
   Center                   Wing                     Time % Phy DF OF 
 1 Jason Jaffray            Jared Knight             60     1   2  2  
 2 Raffi Torres             Mikhail Grigorenko       40     1   2  2  

Penalty Kill 4 Players Defense
   Defense                  Defense                  Time % Phy DF OF 
 1 Keith Ballard            David Rundblad           60     1   2  2  
 2 Joe Morrow               Derek Forbort            40     1   2  2  

Penalty Kill - 3 Players Forward 
   Forward                                           Time % Phy DF OF 
 1 Jason Jaffray                                     60     1   2  2  
 2 Mikhail Grigorenko                                40     1   2  2  

Penalty Kill - 3 Players Defense
   Defense                  Defense                  Time % Phy DF OF 
 1 Keith Ballard            Taylor Doherty           60     1   2  2  
 2 Joe Morrow               Derek Forbort            40     1   2  2  

4 vs 4 Forward 
   Center                   Wing                     Time % Phy DF OF 
 1 Jason Jaffray            Brett Olson              60     1   2  2  
 2 Raffi Torres             Mikhail Grigorenko       40     1   2  2  

4 vs 4 Defense
   Defense                  Defense                  Time % Phy DF OF 
 1 Keith Ballard            Jordan Hill              60     1   2  2  
 2 Joe Morrow               Derek Forbort            40     1   2  2  

Last Minutes Offensive
   Center                   Left Wing                Right Wing               Defense                  Defense                  
   Mikhail Grigorenko       Jason Jaffray            Jared Knight             Keith Ballard            Joe Morrow               

Last Minutes Defensive
   Center                   Left Wing                Right Wing               Defense                  Defense                  
   Mikhail Grigorenko       Jason Jaffray            Jared Knight             Keith Ballard            Joe Morrow               

Goaltenders
Starting : Reto Berra               
Backup : Kenny Reiter             

Extra Forwards
Normal : C.J. Stretch, Mathieu Tousignant, Bobby Robins - PP : C.J. Stretch, Mathieu Tousignant - PK : Bobby Robins
Extra Defensemen
Normal : David Rundblad, Jordan Hill, Taylor Doherty - PP : David Rundblad - PK : Jordan Hill, Taylor Doherty
Penalty Shots
Jason Jaffray, Jared Knight, Raffi Torres, Mikhail Grigorenko, Brett Olson

Admirals

5 vs 5 Forward 
   Center                   Left Wing                Right Wing               Time % Phy DF OF 
 1 Keith Aucoin             Jonathan Marchessault    Jean-Gabriel Pageau      35     1   2  2  
 2 Jordan Caron             Jerry D'Amigo            Sven Andrighetto         30     1   2  2  
 3 Jean-Gabriel Pageau      Jonathan Marchessault    Carter Ashton            22     1   2  2  
 4 Carter Camper            Ryan Bourque             Keith Aucoin             13     1   2  2  

5 vs 5 Defense 
   Defense                  Defense                                           Time % Phy DF OF 
 1 William Wrenn            Cade Fairchild                                    35     1   2  2  
 2 Scott Ford               Nathan McIver                                     30     1   2  2  
 3 Farm Player2             Farm Player11                                     22     1   2  2  
 4 Scott Ford               Cade Fairchild                                    13     1   2  2  

PowerPlay Forward 
   Center                   Left Wing                Right Wing               Time % Phy DF OF 
 1 Keith Aucoin             Jonathan Marchessault    Jean-Gabriel Pageau      60     1   2  2  
 2 Carter Camper            Jerry D'Amigo            Sven Andrighetto         40     1   2  2  

PowerPlay Defense
   Defense                  Defense                                           Time % Phy DF OF 
 1 Farm Player11            Cade Fairchild                                    60     1   2  2  
 2 Scott Ford               Nathan McIver                                     40     1   2  2  

Penalty Kill 4 Players Forward 
   Center                   Wing                     Time % Phy DF OF 
 1 Jean-Gabriel Pageau      Jonathan Marchessault    60     1   2  2  
 2 Keith Aucoin             Jerry D'Amigo            40     1   2  2  

Penalty Kill 4 Players Defense
   Defense                  Defense                  Time % Phy DF OF 
 1 Farm Player2             Cade Fairchild           60     1   2  2  
 2 Scott Ford               Nathan McIver            40     1   2  2  

Penalty Kill - 3 Players Forward 
   Forward                                           Time % Phy DF OF 
 1 Keith Aucoin                                      60     1   2  2  
 2 Jonathan Marchessault                             40     1   2  2  

Penalty Kill - 3 Players Defense
   Defense                  Defense                  Time % Phy DF OF 
 1 Farm Player11            Cade Fairchild           60     1   2  2  
 2 Scott Ford               Nathan McIver            40     1   2  2  

4 vs 4 Forward 
   Center                   Wing                     Time % Phy DF OF 
 1 Jean-Gabriel Pageau      Jonathan Marchessault    60     1   2  2  
 2 Keith Aucoin             Carter Camper            40     1   2  2  

4 vs 4 Defense
   Defense                  Defense                  Time % Phy DF OF 
 1 Farm Player2             Cade Fairchild           60     1   2  2  
 2 Scott Ford               Nathan McIver            40     1   2  2  

Last Minutes Offensive
   Center                   Left Wing                Right Wing               Defense                  Defense                  
   Keith Aucoin             Jonathan Marchessault    Jean-Gabriel Pageau      Scott Ford               Cade Fairchild           

Last Minutes Defensive
   Center                   Left Wing                Right Wing               Defense                  Defense                  
   Keith Aucoin             Jonathan Marchessault    Jean-Gabriel Pageau      Scott Ford               Cade Fairchild           

Goaltenders
Starting : Brad Thiessen            
Backup : David LeNeveu            

Extra Forwards
Normal : Jean-Gabriel Pageau, Carter Camper, Jonathan Marchessault - PP : Jean-Gabriel Pageau, Carter Camper - PK : Jonathan Marchessault
Extra Defensemen
Normal : Farm Player2, Farm Player11, Scott Ford - PP : Farm Player2 - PK : Farm Player11, Scott Ford
Penalty Shots
Sven Andrighetto, Jonathan Marchessault, Keith Aucoin, Jordan Caron, Jean-Gabriel Pageau

% Time on Ice - Monarchs

Lines # - Real PCT - Wanted PCT - Time Play
Normal Forward
1 - 30% - 35% - 15:50
2 - 32% - 30% - 16:55
3 - 27% - 22% - 14:36
4 - 12% - 13% - 6:14
Normal Defense
1 - 18% - 35% - 9:35
2 - 35% - 30% - 18:45
3 - 24% - 22% - 13:03
4 - 23% - 13% - 12:12
PP Forward
1 - 61% - 60% - 2:41
2 - 39% - 40% - 1:45
PP Defense
1 - 39% - 60% - 1:44
2 - 61% - 40% - 2:42
PK Forward
1 - 100% - 60% - 0:28
2 - 0% - 40% - 0:00
PK Defense
1 - 68% - 60% - 0:19
2 - 32% - 40% - 0:09
PK3 Forward
1 - 0% - 60%
2 - 0% - 40%
PK3 Defense
1 - 0% - 60%
2 - 0% - 40%
44 Forward
1 - 98% - 60% - 6:25
2 - 2% - 40% - 0:06
44 Defense
1 - 59% - 60% - 3:49
2 - 41% - 40% - 2:42
Last Minute Offensive  - 0:00
Last Minute Defensive  - 0:00
Total
Forward - 65:00
Defense - 65:00

% Time on Ice - Admirals

Lines # - Real PCT - Wanted PCT - Time Play
Normal Forward
1 - 17% - 35% - 9:20
2 - 34% - 30% - 18:28
3 - 22% - 22% - 11:33
4 - 27% - 13% - 14:14
Normal Defense
1 - 35% - 35% - 18:41
2 - 33% - 30% - 17:50
3 - 26% - 22% - 13:56
4 - 6% - 13% - 3:08
PP Forward
1 - 21% - 60% - 0:06
2 - 79% - 40% - 0:22
PP Defense
1 - 75% - 60% - 0:21
2 - 25% - 40% - 0:07
PK Forward
1 - 100% - 60% - 4:26
2 - 0% - 40% - 0:00
PK Defense
1 - 37% - 60% - 1:39
2 - 63% - 40% - 2:47
PK3 Forward
1 - 0% - 60%
2 - 0% - 40%
PK3 Defense
1 - 0% - 60%
2 - 0% - 40%
44 Forward
1 - 94% - 60% - 6:06
2 - 6% - 40% - 0:25
44 Defense
1 - 61% - 60% - 3:58
2 - 39% - 40% - 2:33
Last Minute Offensive  - 0:00
Last Minute Defensive  - 0:00
Total
Forward - 65:00
Defense - 65:00

Play by Play

1st period


0:01 of 1st period - Mikhail Grigorenko wins face-off versus Keith Aucoin in neutral zone.
0:06 of 1st period - Backhand shot by Mikhail Grigorenko.
0:06 of 1st period - Deflect By Jason Jaffray.
0:06 of 1st period - Shot Blocked by Jonathan Marchessault.
0:06 of 1st period - Puck is out of play.
0:07 of 1st period - Mikhail Grigorenko wins face-off versus Keith Aucoin in Admirals zone.
0:20 of 1st period - Wrist shot by Mikhail Grigorenko.
0:20 of 1st period - Shot Misses the Net.
0:30 of 1st period - Snap shot by Mikhail Grigorenko.
0:30 of 1st period - Shot Misses the Net.
0:32 of 1st period - Backhand shot by David Rundblad.
0:32 of 1st period - Shot Blocked by William Wrenn.
0:34 of 1st period - Backhand shot by David Rundblad.
0:34 of 1st period - Shot Blocked by Cade Fairchild.
0:36 of 1st period - Slapshot by David Rundblad.
0:36 of 1st period - Stopped by Brad Thiessen with a rebound.
0:38 of 1st period - Slapshot by Keith Ballard.
0:38 of 1st period - Shot Blocked by Cade Fairchild.
0:40 of 1st period - Slapshot by Jason Jaffray.
0:40 of 1st period - Stopped by Brad Thiessen with a rebound.
0:42 of 1st period - Snap shot by Jared Knight.
0:42 of 1st period - Stopped by Brad Thiessen with a rebound.
1:02 of 1st period - Jerry D'Amigo is hit by Matej Stransky and loses puck.
1:13 of 1st period - Slapshot by Raffi Torres.
1:13 of 1st period - Shot Misses the Net.
1:15 of 1st period - Slapshot by Joe Morrow.
1:15 of 1st period - Stopped by Brad Thiessen with a rebound.
2:20 of 1st period - Slapshot by David Rundblad.
2:20 of 1st period - Stopped by Brad Thiessen with a rebound.
2:22 of 1st period - Slapshot by David Rundblad.
2:22 of 1st period - Stopped by Brad Thiessen with a rebound.
2:32 of 1st period - David Rundblad is hit by Jonathan Marchessault and loses puck.
3:16 of 1st period - Keith Aucoin is hit by Mikhail Grigorenko and loses puck.
3:33 of 1st period - Wrist shot by Brett Olson.
3:33 of 1st period - Stopped by Brad Thiessen with a rebound.
3:35 of 1st period - Slapshot by Joe Morrow.
3:35 of 1st period - Stopped by Brad Thiessen with a rebound.
4:30 of 1st period - Sven Andrighetto is hit by David Rundblad and loses puck.
5:14 of 1st period - Carter Ashton is hit by Matej Stransky and loses puck.
5:44 of 1st period - Wrist shot by Jonathan Marchessault.
5:44 of 1st period - Stopped by Reto Berra with a rebound.
5:55 of 1st period - Icing by Taylor Doherty.
5:56 of 1st period - Brett Olson wins face-off versus Carter Camper in Monarchs zone.
7:05 of 1st period - Sven Andrighetto is hit by Jason Jaffray and loses puck.
7:28 of 1st period - Snap shot by Jean-Gabriel Pageau.
7:28 of 1st period - Stopped by Reto Berra with a rebound.
9:01 of 1st period - Wrist shot by Mikhail Grigorenko.
9:01 of 1st period - Stopped by Brad Thiessen with a rebound.
9:09 of 1st period - Slapshot by Keith Ballard.
9:09 of 1st period - Shot Misses the Net.
9:32 of 1st period - Jordan Hill is hit by Keith Aucoin and loses puck.
9:37 of 1st period - Snap shot by Keith Aucoin.
9:37 of 1st period - Shot Blocked by David Rundblad.
10:23 of 1st period - Wrist shot by Carter Ashton.
10:23 of 1st period - Shot Misses the Net.
10:25 of 1st period - Slapshot by Ryan Bourque.
10:25 of 1st period - Stopped by Reto Berra with a rebound.
10:44 of 1st period - Off-side.
10:45 of 1st period - Maxime Langelier-Parent wins face-off versus Mikhail Grigorenko in neutral zone.
10:48 of 1st period - Backhand shot by Maxime Langelier-Parent.
10:48 of 1st period - Stopped by Reto Berra with a rebound.
11:12 of 1st period - Slapshot by Jean-Gabriel Pageau.
11:12 of 1st period - Shot Misses the Net.
11:32 of 1st period - Mathieu Tousignant is hit by Cade Fairchild and loses puck.
12:30 of 1st period - Minor Penalty to Farm Player2 for Tripping.
12:31 of 1st period - Farm Player11 wins face-off versus Mikhail Grigorenko in Admirals zone.
12:58 of 1st period - Minor Penalty to Jason Jaffray for Tripping.
12:59 of 1st period - C.J. Stretch wins face-off versus Jean-Gabriel Pageau in Monarchs zone.
13:14 of 1st period - Snap shot by Keith Ballard.
13:14 of 1st period - Shot Blocked by Cade Fairchild.
13:16 of 1st period - Snap shot by Brett Olson.
13:16 of 1st period - Shot Misses the Net.
13:18 of 1st period - Wrist shot by C.J. Stretch.
13:18 of 1st period - Shot Blocked by Jean-Gabriel Pageau.
13:20 of 1st period - Slapshot by Keith Ballard.
13:20 of 1st period - Stopped by Brad Thiessen with a rebound.
13:22 of 1st period - Slapshot by Jordan Hill.
13:22 of 1st period - Shot Blocked by Cade Fairchild.
13:43 of 1st period - Slapshot by Ryan Bourque.
13:43 of 1st period - Stopped by Reto Berra with a rebound.
13:45 of 1st period - Slapshot by Scott Ford.
13:45 of 1st period - Shot Blocked by Keith Ballard.
13:47 of 1st period - Snap shot by Carter Camper.
13:47 of 1st period - Shot Blocked by Jordan Hill.
14:11 of 1st period - Snap shot by Cade Fairchild.
14:11 of 1st period - Deflect By Joe Morrow.
14:11 of 1st period - Stopped by Reto Berra without a rebound.
14:12 of 1st period - C.J. Stretch wins face-off versus Farm Player11 in Monarchs zone.
14:25 of 1st period - Slapshot by Joe Morrow.
14:25 of 1st period - Stopped by Brad Thiessen without a rebound.
14:26 of 1st period - Jean-Gabriel Pageau wins face-off versus C.J. Stretch in Admirals zone.
14:30 of 1st period - Penalty to Farm Player2 is over, Farm Player2 is back on ice.
14:58 of 1st period - Penalty to Jason Jaffray is over, Jason Jaffray is back on ice.
15:05 of 1st period - Keith Aucoin is hit by Keith Ballard and loses puck.
15:16 of 1st period - Keith Ballard is hit by Jean-Gabriel Pageau.
17:55 of 1st period - Wrist shot by Jerry D'Amigo.
17:55 of 1st period - Shot Misses the Net.
17:57 of 1st period - Slapshot by Jordan Caron.
17:57 of 1st period - Stopped by Reto Berra with a rebound.
17:59 of 1st period - Slapshot by Jerry D'Amigo.
17:59 of 1st period - Stopped by Reto Berra without a rebound.
18:00 of 1st period - Jordan Caron wins face-off versus Brett Olson in Monarchs zone.
18:42 of 1st period - Wrist shot by Jerry D'Amigo.
18:42 of 1st period - Stopped by Reto Berra with a rebound.
18:44 of 1st period - Snap shot by Jerry D'Amigo.
18:44 of 1st period - Stopped by Reto Berra with a rebound.
19:46 of 1st period - Wrist shot by Carter Ashton.
19:46 of 1st period - Stopped by Reto Berra with a rebound.
19:48 of 1st period - Backhand shot by Carter Ashton.
19:48 of 1st period - Stopped by Reto Berra without a rebound.
19:49 of 1st period - Jean-Gabriel Pageau wins face-off versus C.J. Stretch in Monarchs zone.
Goals for this period are 0 for Monarchs vs 0 for Admirals.
Shots for this period are 11 for Monarchs vs 12 for Admirals.

2nd period


0:01 of 2nd period - Jared Knight wins face-off versus Keith Aucoin in neutral zone.
0:32 of 2nd period - Snap shot by Jean-Gabriel Pageau.
0:32 of 2nd period - Shot Misses the Net.
0:34 of 2nd period - Slapshot by Jonathan Marchessault.
0:34 of 2nd period - Stopped by Reto Berra with a rebound.
0:36 of 2nd period - Slapshot by Cade Fairchild.
0:36 of 2nd period - Deflect By Keith Ballard.
0:36 of 2nd period - Stopped by Reto Berra with a rebound.
0:38 of 2nd period - Slapshot by Jonathan Marchessault.
0:38 of 2nd period - Shot Misses the Net.
1:00 of 2nd period - Jared Knight is hit by Sven Andrighetto and loses puck.
1:21 of 2nd period - Joe Morrow is hit by Jordan Caron.
1:37 of 2nd period - Snap shot by Raffi Torres.
1:37 of 2nd period - Stopped by Brad Thiessen without a rebound.
1:38 of 2nd period - Carter Camper wins face-off versus C.J. Stretch in Admirals zone.
2:08 of 2nd period - Ryan Bourque is hit by Raffi Torres and loses puck.
2:47 of 2nd period - Slapshot by Carter Ashton.
2:47 of 2nd period - Shot Misses the Net.
3:57 of 2nd period - Jordan Hill is hit by Nathan McIver and loses puck.
4:13 of 2nd period - Off-side.
4:14 of 2nd period - Jordan Caron wins face-off versus Brett Olson in neutral zone.
4:27 of 2nd period - Snap shot by Brett Olson.
4:27 of 2nd period - Goal by Brett Olson - Monarchs : 1 - Admirals : 0.
4:28 of 2nd period - Jean-Gabriel Pageau wins face-off versus Brett Olson in neutral zone.
4:37 of 2nd period - Scott Ford is hit by Brett Olson and loses puck.
5:32 of 2nd period - Slapshot by Joe Morrow.
5:32 of 2nd period - Deflect By Mikhail Grigorenko.
5:32 of 2nd period - Shot Blocked by Carter Camper.
5:32 of 2nd period - Puck is out of play.
5:33 of 2nd period - Mathieu Tousignant wins face-off versus Jordan Caron in Admirals zone.
5:56 of 2nd period - Slapshot by Joe Morrow.
5:56 of 2nd period - Deflect By Brett Olson.
5:56 of 2nd period - Stopped by Brad Thiessen without a rebound.
5:57 of 2nd period - Brett Olson wins face-off versus Jean-Gabriel Pageau in Admirals zone.
6:14 of 2nd period - Slapshot by Keith Ballard.
6:14 of 2nd period - Shot Misses the Net.
6:18 of 2nd period - Snap shot by Brett Olson.
6:18 of 2nd period - Deflect By C.J. Stretch.
6:18 of 2nd period - Stopped by Brad Thiessen with a rebound.
7:20 of 2nd period - Slapshot by Sven Andrighetto.
7:20 of 2nd period - Stopped by Reto Berra with a rebound.
7:22 of 2nd period - Slapshot by Cade Fairchild.
7:22 of 2nd period - Shot Blocked by Derek Forbort.
7:24 of 2nd period - Slapshot by Cade Fairchild.
7:24 of 2nd period - Shot Misses the Net.
7:26 of 2nd period - Backhand shot by Cade Fairchild.
7:26 of 2nd period - Stopped by Reto Berra without a rebound.
7:27 of 2nd period - Brett Olson wins face-off versus Carter Camper in Monarchs zone.
7:32 of 2nd period - Slapshot by David Rundblad.
7:32 of 2nd period - Shot Blocked by Carter Camper.
7:34 of 2nd period - Wrist shot by Raffi Torres.
7:34 of 2nd period - Deflect By Carter Camper.
7:34 of 2nd period - Shot Blocked by Keith Aucoin.
7:34 of 2nd period - Puck is out of play.
7:35 of 2nd period - Brett Olson wins face-off versus Carter Camper in Admirals zone.
8:25 of 2nd period - Minor Penalty to Jordan Caron for Hooking.
8:26 of 2nd period - Mikhail Grigorenko wins face-off versus Jonathan Marchessault in Admirals zone.
8:39 of 2nd period - Slapshot by Jared Knight.
8:39 of 2nd period - Stopped by Brad Thiessen with a rebound.
9:27 of 2nd period - Wrist shot by David Rundblad.
9:27 of 2nd period - Stopped by Brad Thiessen with a rebound.
9:29 of 2nd period - Snap shot by Jason Jaffray.
9:29 of 2nd period - Shot Misses the Net.
10:25 of 2nd period - Penalty to Jordan Caron is over, Jordan Caron is back on ice.
11:43 of 2nd period - Snap shot by Keith Aucoin.
11:43 of 2nd period - Shot Blocked by Brett Olson.
11:53 of 2nd period - Wrist shot by Jerry D'Amigo.
11:53 of 2nd period - Shot Blocked by Matej Stransky.
11:59 of 2nd period - Slapshot by Sven Andrighetto.
11:59 of 2nd period - Goal by Sven Andrighetto - Monarchs : 1 - Admirals : 1.
12:00 of 2nd period - C.J. Stretch wins face-off versus Jean-Gabriel Pageau in neutral zone.
12:08 of 2nd period - Slapshot by Raffi Torres.
12:08 of 2nd period - Stopped by Brad Thiessen with a rebound.
12:51 of 2nd period - Jerry D'Amigo is hit by Jared Knight and loses puck.
13:22 of 2nd period - Wrist shot by Keith Aucoin.
13:22 of 2nd period - Shot Misses the Net.
13:42 of 2nd period - Jonathan Marchessault is hit by Derek Forbort.
15:09 of 2nd period - Jared Knight is hit by Scott Ford and loses puck.
16:22 of 2nd period - Keith Aucoin is hit by Bobby Robins and loses puck.
16:29 of 2nd period - David Rundblad is hit by Cade Fairchild and loses puck.
16:46 of 2nd period - Matej Stransky is hit by Jean-Gabriel Pageau and loses puck.
17:15 of 2nd period - David Rundblad is hit by Scott Ford and loses puck.
17:26 of 2nd period - Wrist shot by Luke Gazdic.
17:26 of 2nd period - Shot Misses the Net.
19:39 of 2nd period - William Wrenn is hit by Jared Knight and loses puck.
Goals for this period are 1 for Monarchs vs 1 for Admirals.
Shots for this period are 7 for Monarchs vs 5 for Admirals.

3rd period


0:01 of 3rd period - Keith Aucoin wins face-off versus Mikhail Grigorenko in neutral zone.
0:59 of 3rd period - Scott Ford is hit by Matej Stransky and loses puck.
1:06 of 3rd period - Slapshot by Raffi Torres.
1:06 of 3rd period - Shot Blocked by Sven Andrighetto.
1:08 of 3rd period - Slapshot by Joe Morrow.
1:08 of 3rd period - Deflect By Raffi Torres.
1:08 of 3rd period - Shot Misses the Net.
1:08 of 3rd period - Puck is out of play.
1:09 of 3rd period - C.J. Stretch wins face-off versus Carter Camper in Admirals zone.
1:18 of 3rd period - Wrist shot by Joe Morrow.
1:18 of 3rd period - Stopped by Brad Thiessen with a rebound.
1:20 of 3rd period - Wrist shot by Derek Forbort.
1:20 of 3rd period - Stopped by Brad Thiessen without a rebound.
1:21 of 3rd period - Carter Camper wins face-off versus C.J. Stretch in Admirals zone.
1:26 of 3rd period - Wrist shot by Ryan Bourque.
1:26 of 3rd period - Stopped by Reto Berra with a rebound.
1:28 of 3rd period - Slapshot by Keith Aucoin.
1:28 of 3rd period - Stopped by Reto Berra with a rebound.
1:30 of 3rd period - Snap shot by Ryan Bourque.
1:30 of 3rd period - Shot Blocked by Derek Forbort.
1:39 of 3rd period - Slapshot by Carter Camper.
1:39 of 3rd period - Shot Blocked by Joe Morrow.
2:12 of 3rd period - Snap shot by Jared Knight.
2:12 of 3rd period - Stopped by Brad Thiessen without a rebound.
2:13 of 3rd period - Mikhail Grigorenko wins face-off versus Jean-Gabriel Pageau in Admirals zone.
2:24 of 3rd period - Icing by Jonathan Marchessault.
2:25 of 3rd period - Mathieu Tousignant wins face-off versus Jean-Gabriel Pageau in Admirals zone.
2:42 of 3rd period - Slapshot by David Rundblad.
2:42 of 3rd period - Shot Misses the Net.
2:44 of 3rd period - Snap shot by Mathieu Tousignant.
2:44 of 3rd period - Shot Blocked by Jonathan Marchessault.
2:49 of 3rd period - Slapshot by David Rundblad.
2:49 of 3rd period - Stopped by Brad Thiessen with a rebound.
2:51 of 3rd period - Slapshot by Keith Ballard.
2:51 of 3rd period - Shot Blocked by Cade Fairchild.
2:53 of 3rd period - Slapshot by David Rundblad.
2:53 of 3rd period - Deflect By Mikhail Grigorenko.
2:53 of 3rd period - Shot Misses the Net.
2:53 of 3rd period - Puck is out of play.
2:54 of 3rd period - Brett Olson wins face-off versus Jordan Caron in Admirals zone.
4:29 of 3rd period - Wrist shot by Keith Aucoin.
4:29 of 3rd period - Shot Misses the Net.
4:41 of 3rd period - Snap shot by Mikhail Grigorenko.
4:41 of 3rd period - Shot Misses the Net.
5:10 of 3rd period - Ryan Bourque is hit by Matej Stransky and loses puck.
5:55 of 3rd period - Slapshot by Jordan Caron.
5:55 of 3rd period - Shot Blocked by Joe Morrow.
6:07 of 3rd period - Snap shot by Jerry D'Amigo.
6:07 of 3rd period - Shot Blocked by Mathieu Tousignant.
6:37 of 3rd period - Keith Ballard is hit by Farm Player2 and loses puck.
6:58 of 3rd period - Wrist shot by Jordan Caron.
6:58 of 3rd period - Shot Blocked by Raffi Torres.
7:22 of 3rd period - Snap shot by Jean-Gabriel Pageau.
7:22 of 3rd period - Stopped by Reto Berra with a rebound.
7:26 of 3rd period - Slapshot by Carter Ashton.
7:26 of 3rd period - Stopped by Reto Berra with a rebound.
7:28 of 3rd period - Slapshot by Jean-Gabriel Pageau.
7:28 of 3rd period - Shot Misses the Net.
7:30 of 3rd period - Wrist shot by Carter Ashton.
7:30 of 3rd period - Shot Blocked by Keith Ballard.
7:48 of 3rd period - Slapshot by Jerry D'Amigo.
7:48 of 3rd period - Shot Hit the Post.
8:26 of 3rd period - Slapshot by David Rundblad.
8:26 of 3rd period - Shot Blocked by Jean-Gabriel Pageau.
8:46 of 3rd period - Icing by Ryan Bourque.
8:47 of 3rd period - Carter Camper wins face-off versus Brett Olson in Admirals zone.
9:36 of 3rd period - Wrist shot by Raffi Torres.
9:36 of 3rd period - Deflect By C.J. Stretch.
9:36 of 3rd period - Stopped by Brad Thiessen with a rebound.
9:38 of 3rd period - Snap shot by Jordan Hill.
9:38 of 3rd period - Stopped by Brad Thiessen with a rebound.
9:40 of 3rd period - Snap shot by C.J. Stretch.
9:40 of 3rd period - Stopped by Brad Thiessen with a rebound.
9:42 of 3rd period - Wrist shot by Bobby Robins.
9:42 of 3rd period - Shot Misses the Net.
9:44 of 3rd period - Slapshot by David Rundblad.
9:44 of 3rd period - Deflect By Raffi Torres.
9:44 of 3rd period - Stopped by Brad Thiessen with a rebound.
9:46 of 3rd period - Wrist shot by Bobby Robins.
9:46 of 3rd period - Stopped by Brad Thiessen with a rebound.
10:35 of 3rd period - Slapshot by Keith Ballard.
10:35 of 3rd period - Stopped by Brad Thiessen with a rebound.
10:37 of 3rd period - Snap shot by Bobby Robins.
10:37 of 3rd period - Shot Misses the Net.
11:20 of 3rd period - Minor Penalty to Nathan McIver for Hooking.
11:21 of 3rd period - Jean-Gabriel Pageau wins face-off versus Jared Knight in Admirals zone.
11:36 of 3rd period - Snap shot by Jonathan Marchessault.
11:36 of 3rd period - Shot Misses the Net.
11:38 of 3rd period - Snap shot by Jonathan Marchessault.
11:38 of 3rd period - Deflect By Jean-Gabriel Pageau.
11:38 of 3rd period - Shot Misses the Net.
11:38 of 3rd period - Puck is out of play.
11:39 of 3rd period - Jean-Gabriel Pageau wins face-off versus C.J. Stretch in Monarchs zone.
11:40 of 3rd period - Snap shot by Jonathan Marchessault.
11:40 of 3rd period - Shot Blocked by Derek Forbort.
13:01 of 3rd period - Slapshot by David Rundblad.
13:01 of 3rd period - Shot Hit the Post.
13:20 of 3rd period - Penalty to Nathan McIver is over, Nathan McIver is back on ice.
13:22 of 3rd period - Scott Ford is hit by Jared Knight and loses puck.
13:27 of 3rd period - Wrist shot by Mikhail Grigorenko.
13:27 of 3rd period - Stopped by Brad Thiessen with a rebound.
13:29 of 3rd period - Slapshot by Joe Morrow.
13:29 of 3rd period - Shot Misses the Net.
13:31 of 3rd period - Wrist shot by Derek Forbort.
13:31 of 3rd period - Stopped by Brad Thiessen with a rebound.
14:03 of 3rd period - Ryan Bourque is hit by Jordan Hill and loses puck.
14:30 of 3rd period - Luke Gazdic is hit by Sven Andrighetto and loses puck.
15:06 of 3rd period - Off-side.
15:07 of 3rd period - C.J. Stretch wins face-off versus Keith Aucoin in neutral zone.
16:10 of 3rd period - Wrist shot by David Rundblad.
16:10 of 3rd period - Deflect By Jason Jaffray.
16:10 of 3rd period - Stopped by Brad Thiessen with a rebound.
16:26 of 3rd period - Slapshot by David Rundblad.
16:26 of 3rd period - Stopped by Brad Thiessen with a rebound.
16:28 of 3rd period - Wrist shot by Raffi Torres.
16:28 of 3rd period - Deflect By Matej Stransky.
16:28 of 3rd period - Stopped by Brad Thiessen without a rebound.
16:29 of 3rd period - Jordan Caron wins face-off versus Brett Olson in Admirals zone.
17:30 of 3rd period - Snap shot by Carter Ashton.
17:30 of 3rd period - Stopped by Reto Berra without a rebound.
17:31 of 3rd period - Brett Olson wins face-off versus Carter Ashton in Monarchs zone.
19:19 of 3rd period - Off-side.
19:20 of 3rd period - Mathieu Tousignant wins face-off versus Jean-Gabriel Pageau in neutral zone.
19:39 of 3rd period - Wrist shot by Jordan Caron.
19:39 of 3rd period - Stopped by Reto Berra with a rebound.
Goals for this period are 0 for Monarchs vs 0 for Admirals.
Shots for this period are 15 for Monarchs vs 6 for Admirals.

Overtime #1


0:01 of 1st overtime period - Jason Jaffray wins face-off versus Jean-Gabriel Pageau in neutral zone.
0:04 of 1st overtime period - Snap shot by Keith Ballard.
0:04 of 1st overtime period - Shot Blocked by Cade Fairchild.
0:30 of 1st overtime period - Snap shot by Jonathan Marchessault.
0:30 of 1st overtime period - Shot Blocked by Keith Ballard.
0:32 of 1st overtime period - Wrist shot by Cade Fairchild.
0:32 of 1st overtime period - Shot Blocked by Jason Jaffray.
0:34 of 1st overtime period - Slapshot by Cade Fairchild.
0:34 of 1st overtime period - Deflect By Keith Ballard.
0:34 of 1st overtime period - Stopped by Reto Berra with a rebound.
0:36 of 1st overtime period - Wrist shot by Jonathan Marchessault.
0:36 of 1st overtime period - Stopped by Reto Berra without a rebound.
0:37 of 1st overtime period - Jason Jaffray wins face-off versus Jean-Gabriel Pageau in Monarchs zone.
0:46 of 1st overtime period - Snap shot by Brett Olson.
0:46 of 1st overtime period - Stopped by Brad Thiessen without a rebound.
0:47 of 1st overtime period - Jean-Gabriel Pageau wins face-off versus Jason Jaffray in Admirals zone.
1:28 of 1st overtime period - Brett Olson is hit by Nathan McIver and loses puck.
2:13 of 1st overtime period - Wrist shot by Mathieu Tousignant.
2:13 of 1st overtime period - Shot Misses the Net.
2:15 of 1st overtime period - Slapshot by Keith Ballard.
2:15 of 1st overtime period - Shot Blocked by Jean-Gabriel Pageau.
2:59 of 1st overtime period - Nathan McIver is hit by Bobby Robins and loses puck.
3:36 of 1st overtime period - Off-side.
3:37 of 1st overtime period - Jason Jaffray wins face-off versus Farm Player11 in neutral zone.
3:42 of 1st overtime period - Slapshot by Brett Olson.
3:42 of 1st overtime period - Shot Misses the Net.
3:50 of 1st overtime period - Nathan McIver is hit by Brett Olson and loses puck.
4:18 of 1st overtime period - Keith Ballard is hit by Scott Ford and loses puck.
4:44 of 1st overtime period - Wrist shot by Brett Olson.
4:44 of 1st overtime period - Deflect By Jean-Gabriel Pageau.
4:44 of 1st overtime period - Shot Misses the Net.
4:44 of 1st overtime period - Puck is out of play.
4:45 of 1st overtime period - Jason Jaffray wins face-off versus Jean-Gabriel Pageau in Admirals zone.
4:46 of 1st overtime period - Slapshot by Keith Ballard.
4:46 of 1st overtime period - Stopped by Brad Thiessen with a rebound.
Goals for this period are 0 for Monarchs vs 0 for Admirals.
Shots for this period are 2 for Monarchs vs 2 for Admirals.

ShootOut


5:00 of 1st overtime period - Penalty Shot by Jason Jaffray for Monarchs.
5:00 of 1st overtime period - Wrist shot by Jason Jaffray.
5:00 of 1st overtime period - Stopped by Brad Thiessen.
5:00 of 1st overtime period - Penalty Shot by Sven Andrighetto for Admirals.
5:00 of 1st overtime period - Wrist shot by Sven Andrighetto.
5:00 of 1st overtime period - Stopped by Reto Berra.
5:00 of 1st overtime period - Penalty Shot by Jared Knight for Monarchs.
5:00 of 1st overtime period - Snap shot by Jared Knight.
5:00 of 1st overtime period - Goal by Jared Knight.
5:00 of 1st overtime period - Penalty Shot by Jonathan Marchessault for Admirals.
5:00 of 1st overtime period - Wrist shot by Jonathan Marchessault.
5:00 of 1st overtime period - Stopped by Reto Berra.
5:00 of 1st overtime period - Penalty Shot by Raffi Torres for Monarchs.
5:00 of 1st overtime period - Snap shot by Raffi Torres.
5:00 of 1st overtime period - Stopped by Brad Thiessen.
5:00 of 1st overtime period - Penalty Shot by Keith Aucoin for Admirals.
5:00 of 1st overtime period - Snap shot by Keith Aucoin.
5:00 of 1st overtime period - Stopped by Reto Berra.


Output by the SimonT Hockey Simulator (STHS) for Eric Dolegowski -- Original Page W3C XHTML 1.0 Valid
Hockey Simulator - Hockey Simulation - Hockey Manager